Match 36537836
Unlisted

Match 36537836
End
Panzerpioneer Squad
Panzerpioneer Squad
Selects Armored Support Battlegroup
Panzergrenadier Squad
250 Light Carrier
250 Light Carrier
Construct Light Support Kompanie
Combat Half-tracks
Selects Salvage Kits
Panzerjäger Squad
Selects Veteran Gunners
Assault Mechanized Group
Construct Mechanized Kompanie
Support Armor Elements
StuG III D Assault Gun
Emergency Repair Kits
StuG III D Assault Gun
Selects Panzer Storm
Pak 38 Mechanized Group
*Mule
Maxiboi1303
OMJimas
NA
0
0

Comments sign in to comment!

No comments posted yet!